 Dungeon Crawl Stone Soup version 0.21.0 (webtiles) character file.

6329 mortelune the Destroyer (level 10, -9/89 HPs)
             Began as a Red Draconian Conjurer on Jan 5, 2018.
             Was a Follower of Vehumet.
             Mangled by a spatial maelstrom (14 damage)
             ... on level 2 of the Abyss.
             The game lasted 00:43:44 (16534 turns).

mortelune the Destroyer (Red Draconian Conjurer)   Turns: 16534, Time: 00:43:46

Health: -9/89      AC:  8    Str: 11    XL:     10   Next: 64%
Magic:  21/21      EV: 12    Int: 19    God:    Vehumet [*.....]
Gold:   372        SH:  0    Dex: 11    Spells: 12/23 levels left

rFire    + + .     SeeInvis .   x - +7 mace of Callousness {elec, rF+}
rCold    . . .     Gourm    .   (no shield)
rNeg     . . .     Faith    .   (armour unavailable)
rPois    .         Spirit   .   (helmet restricted)
rElec    .         Reflect  .   (no cloak)
rCorr    .         Harm     .   k - +0 pair of gloves
MR       .....                  (no boots)
Stlth    ++........             (no amulet)
HPRegen  0.24/turn              h - +2 ring of slaying
MPRegen  0.17/turn              (no ring)

@: about to teleport
A: breathe fire, unfitting armour, fire resistance 1, cold-blooded, AC +7
a: Breathe Fire, Renounce Religion


You were on level 2 of the Abyss.
You worshipped Vehumet.
Vehumet was aware of your devotion.
You were near starving.

You visited 2 branches of the dungeon, and saw 10 of its levels.
You visited the Abyss 1 time.

You collected 372 gold pieces.

Inventory:

Hand Weapons
 i - a +0 short sword
 s - a +2 flail of protection
 x - the +7 mace of Callousness (weapon) {elec, rF+}
   (You found it on level 8 of the Dungeon)

   Occasionally, upon striking a foe, it will discharge some electrical energy
   and cause terrible harm.
   It protects you from fire.
Armour
 k - a +0 pair of gloves (worn)
Jewellery
 h - a +2 ring of slaying (left hand)
Wands
 o - a wand of iceblast (14)
 t - a wand of polymorph (24)
 u - a wand of flame (94)
 z - a wand of disintegration (16)
 C - a wand of enslavement (13)
Scrolls
 c - a scroll of enchant weapon
 e - 5 scrolls of remove curse
 f - 2 scrolls of magic mapping
 j - 4 scrolls of amnesia
 l - a scroll of teleportation
 p - 7 scrolls of identify
 q - 2 scrolls of enchant armour {unknown}
 r - a scroll of noise {unknown}
 y - a scroll of holy word {unknown}
 D - a scroll of fear {unknown}
Potions
 g - 3 potions of curing
 m - 2 potions of mutation {unknown}
 n - a potion of flight
 v - a potion of degeneration {unknown}
 w - a potion of cancellation {unknown}
 A - a potion of haste {unknown}
Books
 a - a book of Conjurations

   Spells                             Type                      Level
   a - Magic Dart                     Conjuration                  1
   b - Searing Ray                    Conjuration                  2
   c - Dazzling Spray                 Conjuration/Hexes            3
   d - Fulminant Prism                Conjuration/Hexes            4
   e - Force Lance                    Conjuration/Translocation    4
   f - Iskenderun's Mystic Blast      Conjuration                  4
 d - a book of Enchantments

   Spells                             Type                      Level
   a - Cause Fear                     Hexes                        4
   b - Yara's Violent Unravelling     Hexes/Transmutation          5
   c - Silence                        Hexes/Air                    5
   d - Deflect Missiles               Charms/Air                   6
   e - Discord                        Hexes                        8
Comestibles
 b - 14 rations


   Skills:
 + Level 8.3 Fighting
 - Level 1.7 Dodging
 - Level 1.7 Stealth
 + Level 7.3 Spellcasting
 * Level 11.5 Conjurations
 + Level 5.8 Fire Magic


You had 12 spell levels left.
You knew the following spells:

 Your Spells              Type           Power        Failure   Level  Hunger
a - Magic Dart            Conj           ####         1%          1    None
b - Searing Ray           Conj           ######       1%          2    None
c - Dazzling Spray        Conj/Hex       ####..       2%          3    #......
d - Iskenderun's Mystic   Conj           ######..     1%          4    ###....
e - Flame Tongue          Conj/Fire      #####        1%          1    None


Dungeon Overview and Level Annotations

Branches:
Dungeon (9/15)             Temple (1/1) D:5            Lair (0/6) D:9
    Orc: D:9-12

Altars:
Ashenzari
Cheibriados
Dithmenos
Elyvilon
Gozag
Hepliaklqana
Makhleb
Nemelex Xobeh
Qazlal
Ru
Sif Muna
Trog
Uskayaw
Vehumet
Wu Jian
Xom
Yredelemnul
The Shining One

Shops:
D:6 [

Annotations:
D:3 Edmund
D:4 zhorgal's ghost, amateur MiBe
D:8 Prince Ribbit
D:9 1 runed door, Erolcha


Innate Abilities, Weirdness & Mutations

You can breathe blasts of fire.
Your fiery red scales are hard. (AC +7)
You cannot fit into any form of body armour.
Your flesh is heat resistant. (rF+)
You are cold-blooded and may be slowed by cold attacks.


Message History

A smoke demon comes into view.
A ynoxinul comes into view.
The smoke demon roars!
You hear a roar!
The smoke demon gestures at you. Something smites you!
* * * LOW HITPOINT WARNING * * *
A spatial maelstrom comes into view.
A large abomination comes into view.
The smoke demon gestures at you. Something smites you!
* * * LOW HITPOINT WARNING * * *
The large abomination moves out of view.
A spatial vortex comes into view.
You feel better.
The spatial vortex moves out of view.
You feel better. The spatial maelstrom hits you!
* * * LOW HITPOINT WARNING * * *
You feel strangely unstable.
You feel the power of the Abyss delaying your translocation!
The spatial maelstrom hits you!
You die...

.. ###...#
...#
..##.....#
..### ..##
#3.# ##
##.##..##
.#.#..##3 ##
#.#.#...##
..
#.......##.#
##..v.#...#
.....#.@###
#.....v#
#.≈≈≈≈≈≈
##≈≈≈≈≈♣≈
#≈≈≈≈≈≈≈≈
#.≈≈≈≈≈≈ ≈≈
###.#### .≈♣
#. ..


You could see a spatial maelstrom, a spatial vortex (wandering) and a smoke
demon.

Vanquished Creatures
  Erica (D:9)
  A two-headed ogre (D:8)
  Pikel (D:7)
  Grinder (D:6)
  A hippogriff (D:8)
  A wyvern (D:8)
  Grum (D:9)
  A hungry ghost (D:8)
  3 slaves (D:8)
  2 ice beasts
  2 orc warriors
  2 sky beasts
  3 phantoms
  4 ogres
  3 wolves
  3 centaurs
  7 bullfrogs
  3 scorpions
  8 killer bees
  8 wights
  2 crimson imps
  A quasit (D:7)
  An iron imp (D:8)
  2 jellies (D:9)
  A centaur zombie (D:8)
  An orc priest (D:9)
  A hound (D:7)
  5 orc wizards
  Jessica (D:2)
  An iguana (D:8)
  Natasha (D:2)
  8 worker ants
  2 hound zombies (D:6)
  A hound skeleton (D:8)
  A worker ant zombie (D:5)
  3 gnolls (D:2)
  9 adders
  2 shadow imps
  An ooze (D:1)
  2 adder skeletons
  4 worms
  A dart slug (D:2)
  3 leopard geckos
  23 orcs
  2 ball pythons
  4 giant cockroaches
  9 goblins
  5 hobgoblins
  6 jackals
  6 quokkas
  4 bats
  5 frilled lizards
  A jackal zombie (D:6)
  3 kobolds
  A leopard gecko zombie (D:6)
  A quokka zombie (D:9)
  9 rats
189 creatures vanquished.

Notes
Turn   | Place    | Note
-------+----------+-------------------------------------------
     0 | D:1      | mortelune the Draconian Conjurer began the quest for the Orb.
     0 | D:1      | Reached XP level 1. HP: 14/14 MP: 3/3
   861 | D:1      | Reached XP level 2. HP: 22/22 MP: 3/5
  1111 | D:1      | Reached skill level 1 in Fighting
  1441 | D:1      | Learned a level 2 spell: Searing Ray
  2040 | D:2      | Noticed Jessica
  2044 | D:2      | Killed Jessica
  2044 | D:2      | Reached XP level 3. HP: 27/28 MP: 1/6
  2668 | D:2      | Reached XP level 4. HP: 36/36 MP: 5/7
  2917 | D:2      | Found a bloodstained altar of Trog.
  3182 | D:2      | Noticed Natasha
  3190 | D:2      | Reached skill level 5 in Conjurations
  3197 | D:2      | Killed Natasha
  3334 | D:2      | Reached XP level 5. HP: 30/42 MP: 4/9
  3339 | D:2      | Learned a level 3 spell: Dazzling Spray
  4718 | D:3      | Found a shadowy altar of Dithmenos.
  5097 | D:3      | Learned a level 4 spell: Iskenderun's Mystic Blast
  5204 | D:3      | Reached XP level 6. HP: 51/51 MP: 4/10
  5768 | D:4      | Noticed Edmund
  5803 | D:4      | Reached skill level 6 in Conjurations
  6386 | D:4      | Noticed zhorgal's ghost (amateur MiBe)
  6386 | D:4      | Your scales start taking on a fiery red colour.
  6386 | D:4      | Reached XP level 7. HP: 58/58 MP: 2/12
  6386 | D:4      | Gained mutation: Your flesh is heat resistant. (rF+) [Red Draconian growth]
  7163 | D:5      | Entered Level 5 of the Dungeon
  7258 | D:5      | Reached skill level 7 in Conjurations
  7736 | D:5      | Found a staircase to the Ecumenical Temple.
  7749 | Temple   | Entered the Ecumenical Temple
  7780 | Temple   | Became a worshipper of Vehumet
  7852 | D:5      | Found a glowing golden altar of the Shining One.
  8423 | D:5      | Noticed a moth of wrath
  8426 | D:5      | Found a bloodstained altar of Trog.
  8807 | D:6      | Reached XP level 8. HP: 65/67 MP: 9/14
  8910 | D:6      | Reached skill level 5 in Fighting
  9280 | D:6      | Reached skill level 8 in Conjurations
  9412 | D:6      | Reached skill level 5 in Spellcasting
 10394 | D:6      | Noticed Grinder
 10401 | D:6      | Killed Grinder
 10401 | D:6      | Reached skill level 9 in Conjurations
 10601 | D:6      | Reached * piety under Vehumet
 10601 | D:6      | Offered knowledge of Flame Tongue by Vehumet.
 10604 | D:6      | Learned a level 1 spell: Flame Tongue
 10605 | D:6      | Found Sethrezetz's Armour Shoppe.
 10713 | D:6      | HP: 1/70 [orc warrior/dire flail (15)]
 11076 | D:7      | Reached XP level 9. HP: 75/75 MP: 12/17
 11080 | D:7      | Reached skill level 1 in Fire Magic
 12828 | D:8      | Got a scorched mace
 12829 | D:8      | Identified the +7 mace of Callousness {elec, rF+} (You found it on level 8 of the Dungeon)
 12837 | D:8      | Noticed Prince Ribbit
 12840 | D:8      | Reached skill level 10 in Conjurations
 13619 | D:8      | Found a snail-covered altar of Cheibriados.
 13892 | D:8      | Found an opulent altar of Gozag.
 13900 | D:8      | Noticed Pikel
 13908 | D:8      | Noticed a two-headed ogre
 14161 | D:8      | Killed a two-headed ogre
 14161 | D:8      | Reached XP level 10. HP: 78/86 MP: 4/20
 14328 | D:7      | Killed Pikel
 14712 | D:9      | Noticed Erica
 14717 | D:9      | Killed Erica
 14717 | D:9      | Reached skill level 11 in Conjurations
 14717 | D:9      | Reached skill level 5 in Fire Magic
 14978 | D:9      | Found a staircase to the Lair.
 15006 | D:9      | Found a runed door.
 15006 | D:9      | Noticed a necromancer
 15006 | D:9      | Noticed a deep elf mage
 15006 | D:9      | Noticed a deep troll
 15008 | D:9      | Noticed a harpy
 15008 | D:9      | Noticed a deep elf knight
 15008 | D:9      | Noticed a glowing orange brain
 15008 | D:9      | Noticed a centaur warrior
 15008 | D:9      | Noticed a five-headed hydra
 15180 | D:9      | Noticed Erolcha
 15212 | D:8      | Found a stormy altar of Qazlal.
 15212 | D:8      | Found a burning altar of Makhleb.
 15226 | D:8      | Found a white marble altar of Elyvilon.
 15757 | D:9      | Noticed Grum
 16056 | D:9      | Found an opulent altar of Gozag.
 16130 | D:9      | Killed Grum
 16412 | D:9      | Cast into level 2 of the Abyss (Erolcha)
 16416 | Abyss:2  | Noticed a large abomination
 16513 | Abyss:2  | Noticed a smoke demon
 16526 | Abyss:2  | Noticed a spatial maelstrom
 16534 | Abyss:2  | Mangled by a spatial maelstrom

Skill      XL: |  1  2  3  4  5  6  7  8  9 10 |
---------------+-------------------------------+-----
Fighting       | 1 2 3 4 6 7 8 |  8.3
Conjurations   | 5 6 7 9 10 11 | 11.5
Spellcasting   | 3 4 5 6 7 |  7.3
Fire Magic     | 4 5 |  5.8
Dodging        | |  1.7
Stealth        | |  1.7

Action                   |  1- 3 |  4- 6 |  7- 9 | 10-12 || total
-------------------------+-------+-------+-------+-------++-------
Melee: Unarmed           |     2 |       |       |       ||     2
       Short sword       |     9 |    19 |       |       ||    28
       Tailslap          |     1 |     1 |     1 |       ||     3
       Flail             |       |    16 |     3 |       ||    19
       Mace              |       |       |     9 |     4 ||    13
 Cast: Magic Dart        |    39 |    57 |   122 |    40 ||   258
       Searing Ray       |     8 |    25 |    48 |    13 ||    94
       Dazzling Spray    |       |     6 |     8 |     1 ||    15
       Iskenderun's Myst |       |     5 |    38 |    24 ||    67
       Flame Tongue      |       |       |     8 |     2 ||    10
 Abil: Breathe Fire      |       |       |     2 |     3 ||     5
  Use: Scroll            |       |     4 |     5 |     2 ||    11
       Potion            |       |       |     3 |     3 ||     6
  Eat: Chunk             |     6 |    14 |    14 |     2 ||    36
       Ration            |       |       |     5 |     2 ||     7
Armor: Skin              |    18 |    19 |    59 |    29 ||   125
Dodge: Dodged            |    34 |    51 |   111 |    54 ||   250
